 Dungeon Crawl Stone Soup version 0.26-a0-712-ga5a9c9c9d0 (webtiles) character file.

Game seed: 2208110508423249693

848 kae the Insei (level 8, -3/48 HPs)
             Began as a Tengu Transmuter on Nov 12, 2020.
             Slain by an ice beast (14 damage)
             ... on level 5 of the Dungeon.
             The game lasted 00:04:18 (5812 turns).

kae the Insei (Tengu Transmuter)                    Turns: 5812, Time: 00:04:19

Health: -3/48      AC:  2    Str: 13    XL:     8   Next: 1%
Magic:  10/12      EV: 26    Int: 16    God:
Gold:   230        SH:  0    Dex: 19    Spells: 7/11 levels left

rFire    . . .     SeeInvis .     - Unarmed
rCold    . . .     Faith    .   (shield currently unavailable)
rNeg     . . .     Spirit   .   (armour currently unavailable)
rPois    x         Reflect  .   (helmet currently unavailable)
rElec    .         Harm     .   (cloak currently unavailable)
rCorr    .         Rampage  .   (gloves currently unavailable)
MR       .....                  (boots unavailable)
Stlth    ++........             (no amulet)
HPRegen  0.16/turn              (no ring)
MPRegen  0.13/turn              (no ring)

@: spider-form (expiring), flying quickly and evasively, quick
A: tiny, repulsion field 1, clever 1, able to fly
a: Stop Flying, End Transformation


You were on level 5 of the Dungeon.
You were a venomous arachnid creature.
You visited 1 branch of the dungeon, and saw 5 of its levels.

You collected 230 gold pieces.

Inventory:

Armour
 a - a +0 robe (melded)
Jewellery
 d - an uncursed ring of protection from cold
 h - an uncursed ring of protection from cold
 i - an uncursed ring of resist corrosion {unknown}
 r - a +4 ring of evasion {unknown}
 s - a +6 ring of intelligence {unknown}
Wands
 t - a wand of iceblast (8)
 v - a wand of digging (5)
Scrolls
 b - 2 scrolls of remove curse
 c - a scroll of amnesia
 e - 2 scrolls of fog
 f - a scroll of magic mapping
 g - 2 scrolls of identify
 j - a scroll of fear {unknown}
 m - 2 scrolls of teleportation
 u - a scroll of blinking {unknown}
Potions
 k - 2 potions of might
 n - 2 potions of heal wounds
 o - 2 potions of stabbing {unknown}
 p - 4 potions of haste {unknown}
 q - 2 potions of brilliance {unknown}


   Skills:
 + Level 3.8 Fighting
 - Level 2.1 Dodging
 * Level 6.9 Unarmed Combat
 - Level 2.0 Spellcasting
 * Level 4.8 Transmutations


You had 7 spell levels left.
You knew the following spells:

 Your Spells              Type           Power        Failure   Level
a - Beastly Appendage     Tmut           ###...       11%         1
b - Spider Form           Tmut/Pois      #.........   45%         3

Your spell library contained the following spells:

 Spells                   Type           Power        Failure   Level
 Wereblood                Tmut           ###.....     13%         2
 Ice Form                 Ice/Tmut       #.......     80%         4
 Blade Hands              Tmut           ###.......   82%         5


Dungeon Overview and Level Annotations

Branches:
Dungeon (5/15)
 Temple: D:4-7

Altars:
Elyvilon
Trog


Innate Abilities, Weirdness & Mutations

((You have a beak for a mouth.))
((You have claws for feet.))
You can fly continuously.
You are surrounded by a mild repulsion field. (EV +2)
Your mind is acute. (Int +2)


Message History

You are too injured to fight recklessly!
You hit the ice beast but do no damage.
The ice beast is lightly wounded.
The ice beast closely misses you.
You barely miss the ice beast.
The ice beast is lightly wounded.
The ice beast hits you. The ice beast freezes you!
* * * LOW HITPOINT WARNING * * *
You are too injured to fight recklessly!
You are too injured to fight recklessly!
You hit the ice beast.
The ice beast is poisoned.
The ice beast is lightly wounded.
The ice beast completely misses you.
You hit the ice beast but do no damage.
The ice beast is moderately wounded.
Your transformation is almost over.
The ice beast hits you.
* * * LOW HITPOINT WARNING * * *
The ice beast freezes you!
You die...

#.....# ## #.#.#.# #.
....# # #. ####.#
##########. #.#
#.......<#? #.#
######.########. #.#
#......# #Y######.#
#......# #.s......#
#......###############.#
.Y.................# #.#
######)###########.###.#
..........# #........#.#
.###......# #........#.#
(# #......# #........#.#
.# ######## #........#.#
.# #........#.#


You could see an ice beast (very poisoned).

Vanquished Creatures
  2 ice beasts (D:5)
  An ogre (D:5)
  A howler monkey (D:4)
  2 orc priests (D:5)
  4 orc wizards
  2 bullfrog skeletons (D:4)
  3 worker ants
  Robin (D:2)
  A howler monkey zombie (D:5)
  6 adders
  An ooze (D:1)
  An adder zombie (D:5)
  6 worms
  6 dart slugs
  4 leopard geckos
  16 orcs
  11 bats
  5 giant cockroaches
  16 goblins
  7 hobgoblins
  6 jackals
  2 quokkas
  A ball python (D:3)
  A frilled lizard (D:1)
  9 kobolds
  10 rats
125 creatures vanquished.

Notes
Turn   | Place    | Note
-------+----------+-------------------------------------------
     0 | D:1      | kae the Tengu Transmuter began the quest for the Orb.
     0 | D:1      | Reached XP level 1. HP: 12/12 MP: 4/4
   352 | D:1      | Reached XP level 2. HP: 12/16 MP: 4/6
   630 | D:1      | Reached XP level 3. HP: 12/20 MP: 5/7
   828 | D:1      | Learned a level 3 spell: Spider Form
   941 | D:1      | Reached skill level 4 in Unarmed Combat
  1226 | D:2      | Noticed Robin
  1278 | D:2      | Killed Robin
  1278 | D:2      | Reached XP level 4. HP: 4/26 MP: 1/8
  2306 | D:2      | Gained mutation: You can fly continuously. [Tengu growth]
  2306 | D:2      | Reached XP level 5. HP: 15/30 MP: 9/9
  3465 | D:3      | Reached skill level 5 in Unarmed Combat
  3823 | D:4      | Reached XP level 6. HP: 36/36 MP: 6/10
  4337 | D:4      | Found a white marble altar of Elyvilon.
  4766 | D:5      | Entered Level 5 of the Dungeon
  4785 | D:5      | Reached skill level 6 in Unarmed Combat
  4785 | D:5      | Reached XP level 7. HP: 41/41 MP: 4/11
  5188 | D:5      | Found a bloodstained altar of Trog.
  5274 | D:5      | Gained mutation: Your mind is acute. (Int +2) [potion of
                  | mutation]
  5274 | D:5      | Gained mutation: You are surrounded by a mild repulsion
                  | field. (EV +2) [potion of mutation]
  5729 | D:5      | Reached XP level 8. HP: 38/48 MP: 8/12
  5812 | D:5      | Slain by an ice beast

Illustrated notes

Levels and vault maps discovered:
D:1:      roderic_dead_forest, layout_rooms, minmay_misc_feat_secret_circle
D:2:      layout_rooms, corexii_leaking_fountain, uniq_robin
D:3:      layout_rooms, minmay_misc_feat_pillars
D:4:      layout_basic, lemuel_doored_altar
D:5:      layout_basic, xom_butterflies, lemuel_blue_sif_altar, basic_altar,
          dk_rats_in_the_wall

Skill      XL: |  1  2  3  4  5  6 |
---------------+-------------------+-----
Transmutations | 2 3 4 |  4.8
Unarmed Combat | 4 5 6 |  6.9
Fighting       | 2 3 |  3.8
Dodging        | |  2.1
Spellcasting   | |  2.0

Action                   |  1- 3 |  4- 6 |  7- 9 || total
-------------------------+-------+-------+-------++-------
Melee: Unarmed           |    72 |   209 |    71 ||   352
       Kick              |    15 |    38 |     7 ||    60
       Peck              |     5 |    22 |       ||    27
       Headbutt          |     5 |    10 |     2 ||    17
       Punch             |       |     4 |     1 ||     5
 Cast: Beastly Appendage |    10 |    24 |     2 ||    36
       Spider Form       |     1 |     6 |     6 ||    13
 Abil: Fly               |       |     1 |       ||     1
  Use: Potion            |     1 |     1 |     4 ||     6
       Scroll            |       |     9 |       ||     9
 Stab: Sleeping          |     3 |     1 |       ||     4
Armor: Robe              |     7 |    15 |     1 ||    23
       Skin              |    27 |    14 |       ||    41
Dodge: Dodged            |    39 |   138 |    53 ||   230

Table legend: (Time is in decaauts)
 A = Elapsed time spent in this place.
 B = Non-inter-level travel time spent in this place.
 C = Inter-level travel time spent in this place.
 D = Time resting spent in this place.
 E = Time spent auto-exploring this place.
 F = Levels seen in this place.
 G = Mean time per level.
                   A        B        C        D        E       F      G
               +--------+--------+--------+--------+--------+-----+--------+
         Total |   5656 |   5531 |    125 |    980 |   3612 |   5 | 1131.2 |
       Dungeon |   5656 |   5531 |    125 |    980 |   3612 |   5 | 1131.2 |
               +--------+--------+--------+--------+--------+-----+--------+

Top non-repeatable levels by time:
     D:1: 1566 daAuts
     D:2: 1377 daAuts
     D:4: 1035 daAuts
     D:5: 992 daAuts
     D:3: 685 daAuts
